ORI
ARIZONA STATE UNIVERSITY SUN DEVILS @ UNIVERSITY OF MIAMI HURRICANES
11/16/2045
 
TOP OF THE 1ST
Daytona Tortugas batting - Pitching for Brevard County Manatees : RHP Taek-gyun Kym
Pitching: RHP Taek-gyun Kym
Batting: LHB Alvaro Gonzalez 0-0: Ball
1-0: Called Strike
1-1: DOUBLE (Line Drive, 78D, EV 105.0 MPH)
Batting: LHB Bob Schmidt 0-0: Foul Ball, location: 2F
0-1: Ball
1-1: Ball
2-1: Called Strike
2-2: Foul Ball, location: 2F
2-2: Ball
3-2: Base on Balls
Batting: RHB George Copping 0-0: Foul Ball, location: 2F
0-1: Swinging Strike
0-2: Foul Ball, location: 2F
0-2: Hit by Pitch
Alvaro Gonzalez to third
Bob Schmidt to second
Batting: RHB Brent Moody 0-0: Foul Ball, location: 2F
0-1: Called Strike
0-2: Foul Ball, location: 2F
0-2: Ball
1-2: SINGLE (Line Drive, 89S, EV 98.1 MPH)
Alvaro Gonzalez scores
Bob Schmidt to third
George Copping to second
Batting: LHB Francisco Arroyo 0-0: Ball
1-0: Foul Ball, location: 2F
1-1: Ball
2-1: Ball
3-1: Swinging Strike
3-2: Fielders Choice at 2nd, 6-4 (Groundball, 6, EV 83.8 MPH)
Bob Schmidt scores
George Copping to third
Batting: RHB Abel Surraca 0-0: Ball
Francisco Arroyo steals 2nd base
1-0: Swinging Strike
1-1: DOUBLE (Flyball, 78D, EV 106.9 MPH)
George Copping scores
Francisco Arroyo scores
Batting: RHB Danny Alvarez 0-0: Ball
1-0: Fly out, F8 (Flyball, 8LS, EV 86.9 MPH)
Batting: LHB William Morales 0-0: Called Strike
0-1: Ball
1-1: Ball
2-1: Ground out 4-3 (Groundball, 4, EV 93.1 MPH)
Top of the 1st over - 4 runs, 3 hits, 0 errors, 1 left on base; Daytona 4 - Brevard County 0
BOTTOM OF THE 1ST
Brevard County Manatees batting - Pitching for Daytona Tortugas : LHP Robert Duarte
Pitching: LHP Robert Duarte
Batting: RHB Yoshiro Higuchi 0-0: Called Strike
0-1: Swinging Strike
0-2: Strikes out swinging
Batting: RHB Colin Lakin 0-0: Called Strike
0-1: Ball
1-1: Called Strike
1-2: Ball
2-2: Strikes out swinging
Batting: RHB Scott Fausett 0-0: Ball
1-0: Ball
2-0: Ground out 4-3 (Groundball, 4, EV 103.1 MPH)
Bottom of the 1st over - 0 runs, 0 hits, 0 errors, 0 left on base; Daytona 4 - Brevard County 0
TOP OF THE 2ND
Daytona Tortugas batting - Pitching for Brevard County Manatees : RHP Taek-gyun Kym
Batting: RHB Robert Duarte 0-0: Ball
1-0: Ball
2-0: Called Strike
2-1: Ground out U3 (Groundball, 3, EV 86.3 MPH)
Batting: LHB Alvaro Gonzalez 0-0: Ball
1-0: Ball
2-0: Called Strike
2-1: Ball
3-1: Foul Ball, location: 2F
3-2: Fly out, F9 (Flyball, 9S, EV 95.6 MPH)
Batting: LHB Bob Schmidt 0-0: Ball
1-0: Called Strike
1-1: Called Strike
1-2: Ball
2-2: Foul Ball, location: 2F
2-2: SINGLE (Groundball, 34S, EV 65.0 MPH) (infield hit)
Batting: RHB George Copping 0-0: Called Strike
0-1: Ball
1-1: Ball
2-1: Foul Ball, location: 2F
2-2: Ball
3-2: Foul Ball, location: 2F
3-2: Foul Ball, location: 2F
3-2: Base on Balls
Bob Schmidt to second
Batting: RHB Brent Moody 0-0: Ball
1-0: Called Strike
1-1: Fly out, F8 (Flyball, 8RD, EV 95.6 MPH)
Top of the 2nd over - 0 runs, 1 hit, 0 errors, 2 left on base; Daytona 4 - Brevard County 0
BOTTOM OF THE 2ND
Brevard County Manatees batting - Pitching for Daytona Tortugas : LHP Robert Duarte
Batting: RHB Ricky Wiernik 0-0: Called Strike
0-1: Foul Ball, location: 2F
0-2: Strikes out swinging
Batting: RHB Ryan Franklin 0-0: Ball
1-0: Foul Ball, location: 2F
1-1: Called Strike
1-2: Strikes out looking
Batting: RHB Micah Christopher 0-0: Ball
1-0: Ball
2-0: SINGLE (Groundball, 56D, EV 100.0 MPH)
Batting: RHB Brent Campbell 0-0: Called Strike
0-1: Called Strike
0-2: Ball
1-2: Ball
Wild Pitch!
Micah Christopher to second
2-2: Strikes out swinging
Bottom of the 2nd over - 0 runs, 1 hit, 0 errors, 1 left on base; Daytona 4 - Brevard County 0
TOP OF THE 3RD
Daytona Tortugas batting - Pitching for Brevard County Manatees : RHP Taek-gyun Kym
Batting: LHB Francisco Arroyo 0-0: Ball
1-0: Foul Ball, location: 2F
1-1: Ball
2-1: SINGLE (Groundball, 5D, EV 110.0 MPH)
Batting: RHB Abel Surraca 0-0: Called Strike
0-1: Foul Ball, location: 2F
0-2: DOUBLE (Line Drive, 78XD, EV 108.1 MPH)
Francisco Arroyo to third
Batting: RHB Danny Alvarez 0-0: Called Strike
0-1: Swinging Strike
0-2: Ball
1-2: Ground out 6-3 (Groundball, 6M, EV 97.5 MPH)
Francisco Arroyo scores
Abel Surraca to third
Batting: LHB William Morales 0-0: Foul Ball, location: 2F
0-1: Called Strike
0-2: Ball
1-2: Ball
2-2: Strikes out swinging
Batting: RHB Robert Duarte 0-0: Called Strike
0-1: Ball
1-1: Foul Ball, location: 2F
1-2: Ground out 6-3 (Groundball, 6, EV 104.4 MPH)
Top of the 3rd over - 1 run, 2 hits, 0 errors, 1 left on base; Daytona 5 - Brevard County 0
BOTTOM OF THE 3RD
Brevard County Manatees batting - Pitching for Daytona Tortugas : LHP Robert Duarte
Batting: RHB D.J. Martinez 0-0: Ground out 3-1 (Groundball, 34S, EV 86.9 MPH)
Pinch Hitting: LHB Tatsuyoshi Kaji 0-0: Fly out, F7 (Flyball, 7D, EV 93.1 MPH)
Batting: RHB Yoshiro Higuchi 0-0: Called Strike
0-1: Called Strike
0-2: Ball
1-2: Ball
2-2: Foul Ball, location: 2F
2-2: Ball
3-2: Foul Ball, location: 2F
3-2: Strikes out looking
Bottom of the 3rd over - 0 runs, 0 hits, 0 errors, 0 left on base; Daytona 5 - Brevard County 0
TOP OF THE 4TH
Daytona Tortugas batting - Pitching for Brevard County Manatees : RHP Taek-gyun Kym
Pitching: RHP Chris Chappell
Batting: LHB Alvaro Gonzalez 0-0: Called Strike
0-1: Foul Ball, location: 2F
0-2: Ball
1-2: Reached on error, E5 (Groundball, 56S, EV 73.8 MPH)
Batting: LHB Bob Schmidt 0-0: Ball
Alvaro Gonzalez steals 2nd base
1-0: Called Strike
1-1: Ball
2-1: Ground out 4-3 (Groundball, 4M, EV 106.9 MPH)
Alvaro Gonzalez to third
Batting: RHB George Copping 0-0: Ball
1-0: Ball
2-0: Called Strike
2-1: Ball
3-1: Foul Ball, location: 2F
3-2: Base on Balls
Batting: RHB Brent Moody 0-0: Ball
1-0: Ball
2-0: Called Strike
2-1: Ball
3-1: Base on Balls
George Copping to second
Batting: LHB Francisco Arroyo 0-0: Called Strike
0-1: Foul Ball, location: 2F
0-2: Fielders Choice at 2nd, 3-6 (Groundball, 3, EV 86.9 MPH)
Alvaro Gonzalez scores
George Copping to third
Batting: RHB Abel Surraca 0-0: Ball
1-0: Foul Ball, location: 2F
1-1: SINGLE (Flyball, 8LS, EV 100.0 MPH)
George Copping scores
Francisco Arroyo to second
Batting: RHB Danny Alvarez 0-0: Ground out U3 (Groundball, 34S, EV 79.4 MPH)
Top of the 4th over - 2 runs, 1 hit, 1 error, 2 left on base; Daytona 7 - Brevard County 0
BOTTOM OF THE 4TH
Brevard County Manatees batting - Pitching for Daytona Tortugas : LHP Robert Duarte
Batting: RHB Colin Lakin 0-0: Ball
1-0: Ground out 4-3 (Groundball, 4, EV 80.6 MPH)
Batting: RHB Scott Fausett 0-0: Ball
1-0: Called Strike
1-1: Ball
2-1: Foul Ball, location: 2F
2-2: Strikes out swinging
Batting: RHB Ricky Wiernik 0-0: Ball
1-0: Foul Ball, location: 2F
1-1: Foul Ball, location: 2F
1-2: Strikes out swinging
Bottom of the 4th over - 0 runs, 0 hits, 0 errors, 0 left on base; Daytona 7 - Brevard County 0
TOP OF THE 5TH
Daytona Tortugas batting - Pitching for Brevard County Manatees : RHP Chris Chappell
Batting: LHB William Morales 0-0: Foul Ball, location: 2F
0-1: Fly out, F8 (Flyball, 8RD, EV 91.9 MPH)
Batting: RHB Robert Duarte 0-0: Ball
1-0: Ball
2-0: Ball
3-0: Base on Balls
Batting: LHB Alvaro Gonzalez 0-0: Ball
1-0: Ball
2-0: Called Strike
2-1: Ball
3-1: Foul Ball, location: 2F
3-2: Base on Balls
Robert Duarte to second
Batting: LHB Bob Schmidt 0-0: Called Strike
0-1: Foul Ball, location: 2F
0-2: Foul Ball, location: 2F
0-2: Ball
1-2: Foul Ball, location: 2F
1-2: Foul Ball, location: 2F
1-2: Ground out 3-1 (Groundball, 34S, EV 86.9 MPH)
Robert Duarte to third
Alvaro Gonzalez to second
Batting: RHB George Copping 0-0: Called Strike
0-1: Foul Ball, location: 2F
0-2: Foul Ball, location: 2F
0-2: Ball
1-2: Foul Ball, location: 2F
1-2: SINGLE (Groundball, 34D, EV 105.0 MPH)
Robert Duarte scores
Alvaro Gonzalez to third
Runner from 3rd tries for Home, SAFE, throw by RF to home
Pitching: RHP David Gaziano
Batting: RHB Brent Moody 0-0: Called Strike
0-1: Swinging Strike
0-2: SINGLE (Flyball, 3D, EV 93.1 MPH)
George Copping to second
Batting: LHB Francisco Arroyo 0-0: Ball
1-0: Foul Ball, location: 2F
1-1: DOUBLE (Line Drive, 89XD, EV 106.9 MPH)
George Copping scores
Brent Moody to third
Runner from 3rd tries for Home, throw by CF and OUT! 8-4-2
Top of the 5th over - 3 runs, 3 hits, 0 errors, 1 left on base; Daytona 10 - Brevard County 0
BOTTOM OF THE 5TH
Brevard County Manatees batting - Pitching for Daytona Tortugas : LHP Robert Duarte
Batting: RHB Ryan Franklin 0-0: Ground out 5-3 (Groundball, 56S, EV 87.5 MPH)
Batting: RHB Micah Christopher 0-0: Ball
1-0: Foul Ball, location: 2F
1-1: SINGLE (Line Drive, 6MD, EV 95.6 MPH)
Batting: RHB Brent Campbell 0-0: Ball
1-0: Ball
2-0: Fielders Choice at 2nd, 3-6 (Groundball, 34, EV 85.0 MPH)
Batting: RHB D.J. Martinez 0-0: Swinging Strike
0-1: Called Strike
Brent Campbell is caught stealing 2nd base 2-4
Bottom of the 5th over - 0 runs, 1 hit, 0 errors, 0 left on base; Daytona 10 - Brevard County 0
TOP OF THE 6TH
Daytona Tortugas batting - Pitching for Brevard County Manatees : RHP David Gaziano
Batting: RHB Abel Surraca 0-0: Swinging Strike
0-1: Swinging Strike
0-2: Ball
1-2: Ball
2-2: Ball
3-2: Foul Ball, location: 2F
3-2: Foul Ball, location: 2F
3-2: Base on Balls
Batting: RHB Danny Alvarez 0-0: Ball
1-0: Ball
2-0: Foul Ball, location: 2F
2-1: Ball
3-1: Base on Balls
Abel Surraca to second
Batting: LHB William Morales 0-0: Foul Ball, location: 2F
0-1: Fly out, F2 (Popup, 25F, EV 80.0 MPH)
Batting: RHB Robert Duarte 0-0: Bunted foul
0-1: Ball
1-1: Bunt missed!
1-2: Bunted foul, Strikeout!
Pitching: LHP Miguel Medrano
Batting: LHB Alvaro Gonzalez 0-0: Foul Ball, location: 2F
0-1: Called Strike
0-2: Fly out, F7 (Flyball, 7D, EV 91.3 MPH)
Top of the 6th over - 0 runs, 0 hits, 0 errors, 2 left on base; Daytona 10 - Brevard County 0
BOTTOM OF THE 6TH
Brevard County Manatees batting - Pitching for Daytona Tortugas : LHP Robert Duarte
Batting: RHB D.J. Martinez 0-0: Foul Ball, location: 2F
0-1: Ball
1-1: Fly out, F6 (Flyball, 56D, EV 87.5 MPH)
Batting: LHB Miguel Medrano 0-0: Swinging Strike
0-1: Ball
1-1: Ball
2-1: Foul Ball, location: 2F
2-2: Ball
3-2: Strikes out swinging
Batting: RHB Yoshiro Higuchi 0-0: Swinging Strike
0-1: Ball
1-1: Foul Ball, location: 2F
1-2: Foul Ball, location: 2F
1-2: SINGLE (Groundball, 6MS, EV 68.1 MPH) (infield hit)
Batting: RHB Colin Lakin 0-0: Ball
1-0: Called Strike
1-1: Fly out, F8 (Line Drive, 8RD, EV 98.8 MPH)
Bottom of the 6th over - 0 runs, 1 hit, 0 errors, 1 left on base; Daytona 10 - Brevard County 0
TOP OF THE 7TH
Daytona Tortugas batting - Pitching for Brevard County Manatees : LHP Miguel Medrano
Batting: LHB Bob Schmidt 0-0: SOLO HOME RUN (Flyball, 9D, EV 109.4 MPH), Distance : 402 ft
Batting: RHB George Copping 0-0: Ball
1-0: Called Strike
1-1: Ball
2-1: DOUBLE (Line Drive, 8RXD, EV 112.5 MPH)
Batting: RHB Brent Moody 0-0: Called Strike
0-1: Ground out 3-1 (Groundball, 13, EV 83.1 MPH)
George Copping to third
Batting: LHB Francisco Arroyo 0-0: Ball
1-0: Ball
2-0: Swinging Strike
2-1: Fly out, F9 (Flyball, 9LS, EV 83.8 MPH)
Batting: RHB Abel Surraca 0-0: Called Strike
Balk!
George Copping scores
0-1: Foul Ball, location: 2F
0-2: Ball
1-2: Single, Error in OF, E7, batter to second base (Line Drive, 56D, EV 103.1 MPH)
Batting: RHB Danny Alvarez 0-0: Fly out, F8 (Flyball, 8LM, EV 87.5 MPH)
Top of the 7th over - 2 runs, 3 hits, 1 error, 1 left on base; Daytona 12 - Brevard County 0
BOTTOM OF THE 7TH
Brevard County Manatees batting - Pitching for Daytona Tortugas : LHP Robert Duarte
Batting: RHB Scott Fausett 0-0: Called Strike
0-1: SINGLE (Groundball, 6MD, EV 96.9 MPH)
Batting: RHB Ricky Wiernik 0-0: Called Strike
Scott Fausett steals 2nd base (no throw)
0-1: Ball
1-1: Foul Ball, location: 2F
1-2: Foul Ball, location: 2F
1-2: Ball
2-2: Reached on error, E2 (Groundball, 15S, EV 70.0 MPH)
Scott Fausett to third
Batting: RHB Ryan Franklin 0-0: SINGLE (Groundball, 34D, EV 99.4 MPH)
Scott Fausett scores
Ricky Wiernik to second
Pitching: RHP William Ortiz
Pinch Hitting: RHB Brock Rowling 0-0: Foul Ball, location: 2F
0-1: Foul Ball, location: 2F
0-2: Strikes out swinging
Batting: RHB Brent Campbell 0-0: Foul Ball, location: 2F
0-1: Grounds into double play, 5-4-3 (Groundball, 56S, EV 83.1 MPH)
Bottom of the 7th over - 1 run, 2 hits, 1 error, 1 left on base; Daytona 12 - Brevard County 1
TOP OF THE 8TH
Daytona Tortugas batting - Pitching for Brevard County Manatees : LHP Miguel Medrano
Now at 2B: Brock Rowling
Batting: LHB William Morales 0-0: Swinging Strike
0-1: Ball
1-1: Ground out 6-3 (Groundball, 6, EV 88.8 MPH)
Batting: LHB William Ortiz 0-0: Foul Ball, location: 2F
0-1: Ball
1-1: Foul Ball, location: 2F
1-2: Foul Ball, location: 2F
1-2: Foul Ball, location: 2F
1-2: Ball
2-2: Ball
3-2: Strikes out swinging
Batting: LHB Alvaro Gonzalez 0-0: Ball
1-0: Swinging Strike
1-1: Swinging Strike
1-2: Ball
2-2: Ball
3-2: Ground out 6-3 (Groundball, 6, EV 104.4 MPH)
Top of the 8th over - 0 runs, 0 hits, 0 errors, 0 left on base; Daytona 12 - Brevard County 1
BOTTOM OF THE 8TH
Brevard County Manatees batting - Pitching for Daytona Tortugas : RHP William Ortiz
Batting: RHB D.J. Martinez 0-0: Called Strike
0-1: Ball
1-1: Foul Ball, location: 2F
1-2: Strikes out swinging
Pinch Hitting: SHB Martin Madsen 0-0: Foul Ball, location: 2F
0-1: Ball
1-1: Called Strike
1-2: Ground out 6-3 (Groundball, 6M, EV 99.4 MPH)
Batting: RHB Yoshiro Higuchi 0-0: Called Strike
0-1: Foul Ball, location: 2F
0-2: Strikes out looking
Bottom of the 8th over - 0 runs, 0 hits, 0 errors, 0 left on base; Daytona 12 - Brevard County 1
TOP OF THE 9TH
Daytona Tortugas batting - Pitching for Brevard County Manatees : LHP Miguel Medrano
Pitching: RHP Danny Levinger
Batting: LHB Bob Schmidt 0-0: Ball
1-0: Ball
2-0: Ball
3-0: Called Strike
3-1: Base on Balls
Pinch Hitting: RHB Travis Robertson 0-0: Ball
1-0: Ball
2-0: Ball
3-0: Base on Balls
Bob Schmidt to second
Batting: RHB Brent Moody 0-0: Called Strike
0-1: Fielders Choice at 2nd, 6-4 (Groundball, 6, EV 80.6 MPH)
Bob Schmidt to third
Batting: LHB Francisco Arroyo 0-0: Ball
1-0: Ball
2-0: Ball
3-0: Called Strike
3-1: Called Strike
3-2: Base on Balls
Brent Moody to second
Batting: RHB Abel Surraca 0-0: Grounds into double play, 6-4-3 (Groundball, 6, EV 77.5 MPH)
Top of the 9th over - 0 runs, 0 hits, 0 errors, 2 left on base; Daytona 12 - Brevard County 1
BOTTOM OF THE 9TH
Brevard County Manatees batting - Pitching for Daytona Tortugas : RHP William Ortiz
Now at C: Travis Robertson
Batting: RHB Colin Lakin 0-0: Ball
1-0: Foul Ball, location: 2F
1-1: Called Strike
1-2: Ground out 4-3 (Groundball, 4, EV 83.1 MPH)
Batting: RHB Scott Fausett 0-0: DOUBLE (Flyball, 78XD, EV 104.4 MPH)
Batting: RHB Ricky Wiernik 0-0: Fly out, F2 (Popup, 2RF, EV 92.5 MPH)
Batting: RHB Ryan Franklin 0-0: Ball
1-0: Called Strike
1-1: SINGLE (Flyball, 6MD, EV 87.5 MPH)
Scott Fausett to third
Batting: RHB Brock Rowling 0-0: Called Strike
0-1: Foul Ball, location: 2F
0-2: Ball
1-2: SINGLE (Line Drive, 7LM, EV 111.3 MPH)
Scott Fausett scores
Ryan Franklin to second
Batting: RHB Brent Campbell 0-0: Called Strike
0-1: Swinging Strike
0-2: Ball
1-2: Ball
2-2: Ball
3-2: Strikes out swinging
Bottom of the 9th over - 1 run, 3 hits, 0 errors, 2 left on base; Daytona 12 - Brevard County 2
Wednesday, June 22nd , 2022 - OOTP Baseball 23.4 Build 64